AoeStats
← DAN13L

Arabia

509558850Analyzed
2v2 RM · 6d ago on Sep 27, 2026· 67m 6s· 4 players
Game mode
Random Map
Map size
Medium (4 player)
Population
200
Speed
Normal
Resources
Standard
Victory
Conquest
Starting age
Dark Age
Ending age
Imperial Age
RankedLock teamsTeams togetherTeam positionsShared explorationLock speedFull tech treeHidden civsTurbo modeCheats
Victory
Defeat
🇲🇽 Maya · Mexico
1040
+18
🇦🇷 Mapuche · Argentina
1040
+18
🇲🇽 Georgians · Mexico
1124
-21
🇲🇽 Romans · Mexico
1023
-15
DAN13L
0:33 Loom
8:58 Feudal Age
10:31 Double-Bit Axe
16:06 Fletching
20:18 Castle Age
20:34 Horse Collar
20:46 Gold Mining
21:53 Bodkin Arrow
22:55 Wheelbarrow
22:38 Bow Saw
22:29 Crossbowman
24:11 Town Watch
26:41 Pikeman
27:58 Squires
29:23 Thumb Ring
29:34 Eagle Warrior
31:37 Ballistics
33:24 Man-at-Arms
34:50 Murder Holes
34:25 Long Swordsman
35:01 Elite Skirmisher
35:53 Forging
54:02 Hand Cart
64:15 Scale Mail Armor
67:17 Iron Casting
3ms
7:24 Loom
9:35 Feudal Age
10:24 Double-Bit Axe
11:20 Champi Runner
15:29 Wheelbarrow
21:31 Castle Age
19:56 Stone Mining
24:34 Hand Cart
24:41 Champi Warrior
30:02 Horse Collar
31:49 Heavy Plow
32:06 Bow Saw
31:49 Gold Mining
32:19 Town Watch
32:29 Fletching
32:40 Padded Archer Armor
33:45 Malon
35:46 Town Patrol
36:29 Gold Shaft Mining
36:30 Stone Shaft Mining
44:12 Imperial Age
42:53 Bodkin Arrow
43:13 Leather Archer Armor
43:11 Forging
47:42 Ring Archer Armor
47:48 Iron Casting
47:18 Elite Bolas Rider
51:43 Blast Furnace
50:43 Scale Mail Armor
52:17 Ballistics
53:00 Chemistry
51:41 Treadmill Crane
52:11 Masonry
52:07 Siege Engineers
51:43 Elite Champi Warrior
RRORRO
5:35 Loom
8:15 Feudal Age
11:49 Wheelbarrow
12:51 Double-Bit Axe
18:21 Gold Mining
28:02 Castle Age
50:33 Bow Saw
57:49 Husbandry
65:24 Scale Barding Armor
65:33 Bloodlines
66:32 Chain Barding Armor
dans_big
8:22 Loom
8:29 Loom
12:06 Feudal Age
12:09 Man-at-Arms
16:33 Double-Bit Axe
16:34 Horse Collar
19:05 Wheelbarrow
19:22 Bloodlines
25:38 Castle Age
25:02 Gold Mining
26:28 Scale Mail Armor
25:56 Long Swordsman
27:11 Squires
32:04 Chain Mail Armor
32:00 Forging
37:18 Hand Cart
39:14 Pikeman
42:05 Town Watch
44:54 Bow Saw
47:58 Scale Barding Armor
48:29 Iron Casting
55:43 Ballistas
59:28 Imperial Age
58:31 Town Patrol
Connection lost

Rejoining the realm…

Still unreachable

The connection could not be restored.

Session expired

The server has moved on; the page needs a fresh start.